 Dungeon Crawl Stone Soup version 0.13.0-17-g5f0e85f (webtiles) character file.

844 MDvedh the Cleaver (level 7, -1/61 HPs)
             Began as a Deep Dwarf Gladiator on Oct 21, 2013.
             Was a Follower of Makhleb.
             Slain by an ogre
             ... wielding a +0,+0 giant club
              (21 damage)
             ... on Level 5 of the Dungeon.
             The game lasted 00:08:49 (3190 turns).

MDvedh the Cleaver (Deep Dwarf Gladiator)           Turns: 3190, Time: 00:08:49

HP  -1/61        AC  8     Str 20      XL: 7   Next: 46%
MP   5/5         EV  8     Int  9      God: Makhleb [*.....]
Gold 105         SH  0     Dex 13      Spells:  0 memorised,  6 levels left

Res.Fire  : . . .   See Invis. : .   a - +0 dwarf hand axe {=f}
Res.Cold  : . . .   Warding    : .   q - +0 scale mail
Life Prot.: . . .   Conserve   : .   (no shield)
Res.Poison: .       Res.Corr.  : .   c - +0 dwarf helmet
Res.Elec. : .       Clarity    : .   (no cloak)
Sust.Abil.: . .     Spirit.Shd : .   h - +0 pair of gauntlets
Res.Mut.  : .       Stasis     : .   (no boots)
Res.Rott. : .       Flight     : .   (no amulet)
Saprovore : . . .                    (no ring)
                                     (no ring)

@: non-regenerating, somewhat resistant to hostile enchantments, extremely
unstealthy
A: damage resistance, recharge devices, sense surroundings 1, slow healing 3
a: Device Recharging, Renounce Religion


You were on level 5 of the Dungeon.
You worshipped Makhleb.
Makhleb was aware of your devotion.
You were not hungry.

You visited 2 branches of the dungeon, and saw 6 of its levels.

You collected 85 gold pieces.

Inventory:

Hand weapons
 a - a +0,+0 dwarven hand axe (weapon) {=f}
Missiles
 d - 3 throwing nets (quivered)
Armour
 c - a +0 dwarven helmet (worn)
 h - a +0 pair of gauntlets (worn)
 q - a +0 scale mail (worn)
Magical devices
 b - a wand of cold (12) {unknown}
 e - a wand of heal wounds (3)
 g - a wand of lightning (10) {unknown}
 t - a wand of confusion (15) {unknown}
Comestibles
 f - 2 bread rations
 o - an apple
 v - a cheese
 w - a meat ration
Scrolls
 j - 2 scrolls of enchant weapon I {unknown}
 k - a scroll of random uselessness {unknown}
 n - a scroll of remove curse {unknown}
 x - a scroll of amnesia
Potions
 i - a potion of cure mutation
 l - 4 potions of curing


   Skills:
 - Level 1.7 Fighting
 + Level 9.7 Axes
 - Level 1.7 Throwing
 - Level 3.2 Dodging


You had 6 spell levels left.
You didn't know any spells.

Dungeon Overview and Level Annotations

Branches:
Dungeon (5/27)             Temple (1/1) D:4

Altars:
Cheibriados
Makhleb
Okawaru
Sif Muna
Trog
Vehumet
Yredelemnul
Zin


Innate Abilities, Weirdness & Mutations

You are resistant to damage.
You can recharge devices by infusing magical energy.
You passively map a small area around you.
You do not heal naturally.


Message History

You closely miss the giant newt. The ogre closely misses you.
You barely miss the ogre.
The ogre is heavily wounded.
You miss the giant newt. The giant newt closely misses you.
The ogre closely misses you.
Unknown command.
You hit the giant newt.
You kill the giant newt!
Makhleb accepts your kill.
You barely miss the ogre.
The ogre is heavily wounded.
You slash the ogre!
The ogre is severely wounded.
The ogre hits you with a giant club!
You hit the ogre.
The ogre is severely wounded.
You hit the ogre.
The ogre is almost dead.
The ogre hits you with a giant club!
You die...

### #.# ######.# #
......# ### *
####..#O##.#####.########
,
.......>@................
,
......#.%........###.####
.##.......##.##.# #.#
,#.....#..##.##.###.#
....................## *
..........#......[..# *
####.#.......#.##..###
#.#..##.#.......... , ,
..#..##.###.###.##.


You could see an ogre.

Vanquished Creatures
  The ghost of MDvedh the Chopper, an average DsBe of Trog (D:4)
  Menkaure (D:4)
  An ogre (D:4)
  A giant frog (D:4)
  2 hounds (D:4)
  An orc wizard (D:4)
  An iguana (D:4)
  A scorpion (D:4)
  2 worker ants (D:4)
  A worker ant zombie (D:5)
  4 adders
  3 worms
  2 giant geckos
  3 oozes
  8 orcs
  14 bats
  A bat skeleton (D:5)
  A gnoll skeleton (D:4)
  7 hobgoblins
  A quokka (D:2)
  2 ball pythons
  4 giant cockroaches
  9 giant newts
  10 goblins
  8 jackals
  12 kobolds
  5 rats
106 creatures vanquished.

Notes
Turn   | Place    | Note
--------------------------------------------------------------
     0 | D:1      | MDvedh, the Deep Dwarf Gladiator, began the quest for the Orb.
     0 | D:1      | Reached XP level 1. HP: 20/20 MP: 0/0
   154 | D:1      | Reached XP level 2. HP: 27/27 MP: 1/1
   156 | D:1      | Reached skill level 4 in Axes
   643 | D:2      | Reached XP level 3. HP: 24/33 MP: 2/2
   723 | D:2      | Found a glowing silver altar of Zin.
   723 | D:2      | Found a basalt altar of Yredelemnul.
   760 | D:2      | Reached skill level 5 in Axes
   986 | D:2      | Reached XP level 4. HP: 26/40 MP: 3/3
  1731 | D:3      | Reached skill level 6 in Axes
  2151 | D:4      | Reached XP level 5. HP: 16/48 MP: 1/4
  2189 | D:4      | Found a staircase to the Ecumenical Temple.
  2200 | Temple   | Entered the Ecumenical Temple
  2289 | Temple   | Became a worshipper of Makhleb the Destroyer
  2345 | D:4      | Noticed a giant frog
  2353 | D:4      | Killed a giant frog
  2367 | D:4      | Reached skill level 7 in Axes
  2455 | D:4      | Noticed Menkaure
  2484 | D:4      | Killed Menkaure
  2484 | D:4      | Reached skill level 8 in Axes
  2484 | D:4      | Reached XP level 6. HP: 27/55 MP: 5/5
  2531 | D:4      | Noticed MDvedh's ghost (average DsBe)
  2570 | D:4      | Killed MDvedh's ghost
  2570 | D:4      | Reached XP level 7. HP: 38/61 MP: 6/6
  2641 | D:4      | Reached skill level 9 in Axes
  2709 | D:4      | Acquired Makhleb's first power
  2830 | D:4      | Noticed an ogre
  2834 | D:4      | HP: 1/61 [ogre/giant club (21)]
  2842 | D:4      | Killed an ogre
  3076 | D:5      | Entered Level 5 of the Dungeon
  3130 | D:5      | Paralysed by a potion of paralysis for 5 turns
  3190 | D:5      | Slain by an ogre

Action                   |  1- 3 |  4- 6 |  7- 9 || total
-------------------------+-------+-------+-------++-------
Melee: Hand axe          |   107 |   184 |    87 ||   378
 Abil: Device Recharging |       |       |     1 ||     1
Evoke: Wand              |     1 |     2 |     3 ||     6
  Use: Scroll            |       |     9 |     1 ||    10
       Potion            |       |     2 |     3 ||     5
